 Dungeon Crawl Stone Soup version 0.18.1-6-gd335043 (webtiles) character file.

2506 HungrySpirit the Transmogrifier (level 9, -2/41 HPs)
             Began as a Felid Transmuter on May 18, 2016.
             Was a Follower of Sif Muna.
             Incinerated by a mottled dragon (5 damage)
             ... with a sticky flame
             ... on level 11 of the Dungeon.
             The game lasted 00:41:29 (17185 turns).

HungrySpirit the Transmogrifier (Felid Transmuter) Turns: 17185, Time: 00:41:30

Health: -2/41      AC:  2    Str:  8    XL:     9   Next: 28%
Magic:  14/18      EV: 25    Int: 16    God:    Sif Muna [*.....]
Gold:   410        SH:  0    Dex: 19    Spells: 4 memorised, 7 levels left
                                        Lives:  0   Deaths: 2

rFire  . . .     SeeInvis +       - Unarmed
rCold  . . .     Gourm    .     (armour unavailable)
rNeg   . . .     Faith    .     (shield unavailable)
rPois  .         Spirit   .     (helmet unavailable)
rElec  .         Dismiss  .     (cloak unavailable)
rCorr  .         Reflect  .     (gloves unavailable)
SustAt .         Harm     .     (boots unavailable)
MR     +....                    i - amulet of rage
Stlth  ++........               (no ring)
                                v - +2 ring of strength

@: liquid flames, appendage, glowing, quick, somewhat resistant to hostile
enchantments, unstealthy
A: no armour, no weapons or thrown items, claws 1, fangs 3, horns 2, repulsion
field 1, see invisible, carnivore 3, speed 1, shaggy fur 2, slow metabolism 1,
sharp paws
a: End Transformation, Channel Energy, Renounce Religion, Evoke Berserk Rage


You were on level 11 of the Dungeon.
You worshipped Sif Muna.
Sif Muna was aware of your devotion.
You were completely stuffed.
You had grown temporary horns.
You visited 2 branches of the dungeon, and saw 12 of its levels.

You collected 410 gold pieces.

Inventory:

Missiles
 C - 25 arrows
Jewellery
 e - an uncursed amulet of dismissal
 i - an amulet of rage (around neck)
 p - an uncursed ring of fire
 v - a +2 ring of strength (left paw)
Wands
 t - a wand of flame (13/48)
Scrolls
 a - 5 scrolls of enchant weapon {unknown}
 h - a scroll of acquirement {unknown}
 l - 2 scrolls of fear
 q - a scroll of fog
 w - 2 scrolls of teleportation
 x - a scroll of identify
 y - 2 scrolls of remove curse
 A - a scroll of amnesia {unknown}
 B - a scroll of summoning {unknown}
Potions
 d - 4 potions of flight
 f - 6 potions of curing
 g - a potion of berserk rage
 j - a potion of cancellation {unknown}
 m - a potion of haste
 n - a potion of lignification
 r - 2 potions of might {unknown}
 s - a potion of resistance {unknown}
 u - 2 potions of invisibility
 z - a potion of beneficial mutation {unknown}
Books
 b - a book of Changes

   Spells                             Type                      Level
   a - Beastly Appendage              Transmutation                1
   b - Sticks to Snakes               Transmutation                2
   c - Spider Form                    Transmutation/Poison         3
   d - Ice Form                       Ice/Transmutation            4
   e - Blade Hands                    Transmutation                5
Comestibles
 c - 6 meat rations
 k - 3 slices of pizza
 o - 4 beef jerkies
 D - a chunk of flesh


   Skills:
 + Level 6.2 Fighting
 + Level 6.8 Dodging
 - Level 3.0 Stealth
 * Level 9.8 Unarmed Combat
 + Level 5.9 Spellcasting
 - Level 12.3 Transmutations
 + Level 1.7 Ice Magic


You had 7 spell levels left.
You knew the following spells:

 Your Spells              Type           Power        Failure   Level  Hunger
a - Beastly Appendage     Trmt           #####.       1%          1    None
b - Sticks to Snakes      Trmt           #####...     1%          2    #......
c - Ice Form              Ice/Trmt       ####....     10%         4    ####...
d - Blade Hands           Trmt           #####.....   2%          5    ######.


Dungeon Overview and Level Annotations

Branches:
Dungeon (11/15)            Temple (1/1) D:6
   Lair: D:8-11         Orc: D:9-12

Altars:
Ashenzari
Cheibriados
Dithmenos
Elyvilon
Fedhas
Gozag
Kikubaaqudgha
Makhleb
Nemelex Xobeh
Okawaru
Pakellas
Qazlal
Ru
Sif Muna
Trog
Vehumet
Xom
Yredelemnul
Zin
The Shining One

Shops:
D:5 }   D:7 :

Annotations:
D:6 HungrySpirit's ghost, novice OpTm


Innate Abilities, Weirdness & Mutations

You cannot wear armour.
You are incapable of wielding weapons or throwing items.
You have sharp claws.
You have razor-sharp teeth.
You have supernaturally acute eyesight.
You are carnivorous and can eat meat at any time.
You cover ground quickly.
You are covered in thick fur (AC +2).
You have a slow metabolism.
Your sharp claws are effective at attacking unaware monsters.
You have a pair of horns on your head.
You are surrounded by a mild repulsion field (EV +2).


Message History

* * * LOW HITPOINT WARNING * * *
Casting: Sticks to Snakes
Confirm with . or Enter, or press ? or * to list all spells.
You create 2 snakes!
You now have 25 arrows.
You hear the crackling of a very distant melting archway.
You are covered in liquid flames!
* * * LOW HITPOINT WARNING * * *
Unknown command.
What do you say? t - Meow!
Orders for allies: a - Attack new target. r - Retreat! s - Stop attacking. w - Wait here. f - Follow me.
Anything else - Stay silent.
Gang up on whom?
Press: ? - help, Dir - move target cursor, f - white ugly thing
Aim: a white ugly thing Attack!
You are covered in liquid flames!
You die...

#.###.###.+
#.....#
####'## #.#
#.#
##'######
#.S...>.###
#....Su.'..
#..@....#
#..†....#
#..$.S..#
#.......#
#.......#
####+####


You could see a white ugly thing, a friendly water moccasin and 2 friendly
adders.

Vanquished Creatures
  Fannar (D:9)
  2 trolls
  Sigmund (D:6)
  A centaur simulacrum (D:11)
  3 yaks
  2 hippogriffs
  Grum (D:8)
  3 hungry ghosts
  A steam dragon (D:7)
  Menkaure (D:7)
  A mottled dragon (D:11)
  3 ice beasts
  3 phantoms
  A wasp (D:10)
  2 orc warriors (D:9)
  A sky beast (D:7)
  5 ogres
  2 wolves (D:8)
  A necrophage (D:7)
  A centaur (D:10)
  3 big kobolds
  6 giant frogs
  4 scorpions
  4 killer bees (D:10)
  A water moccasin skeleton (D:7)
  4 wights (D:8)
  2 vampire bats (D:5)
  8 crimson imps
  5 hounds
  A centaur zombie (D:10)
  2 giant frog zombies
  4 jellies
  A giant frog skeleton (D:10)
  3 orc priests
  2 centaur skeletons
  3 orc wizards
  5 iguanas
  6 worker ants
  A hound zombie (D:7)
  A hound skeleton (D:7)
  Robin (D:4)
  3 howler monkey zombies
  9 gnolls
  A howler monkey skeleton (D:7)
  18 adders
  5 shadow imps
  A white imp (D:11)
  An ooze (D:1)
  An adder skeleton (D:4)
  3 worms (D:2)
  3 dart slugs
  4 giant geckos
  25 orcs
  3 bat skeletons (D:5)
  3 bat zombies (D:5)
  7 giant cockroaches
  9 goblins
  10 hobgoblins
  5 jackals
  11 kobolds
  4 quokkas
  5 bats
  2 giant gecko zombies
  A giant newt (D:4)
  A jackal skeleton (D:4)
  A quokka skeleton (D:7)
  A quokka zombie (D:5)
  5 rats
245 creatures vanquished.

Vanquished Creatures (collateral kills)
  A catoblepas (D:10)
  A hill giant (D:10)
  An ogre (D:5)
  2 gnolls
  An orc (D:4)
6 creatures vanquished.

Grand Total: 251 creatures vanquished

Notes
Turn   | Place    | Note
--------------------------------------------------------------
     0 | D:1      | HungrySpirit the Felid Transmuter began the quest for the Orb.
     0 | D:1      | Reached XP level 1. HP: 9/9 MP: 4/4
   467 | D:1      | Reached XP level 2. HP: 8/12 MP: 4/6
   837 | D:1      | Learned a level 2 spell: Sticks to Snakes
  1556 | D:2      | Reached XP level 3. HP: 11/15 MP: 5/7
  2221 | D:2      | Reached skill level 1 in Stealth
  2704 | D:3      | Reached XP level 4. HP: 5/19 MP: 8/8
  3111 | D:3      | Learned a level 4 spell: Ice Form
  3328 | D:3      | Reached skill level 3 in Transmutations
  3814 | D:3      | Reached skill level 12 in Transmutations
  3814 | D:3      | Reached XP level 5. HP: 22/22 MP: 9/9
  4153 | D:4      | Noticed a phantom
  4189 | D:4      | Killed a phantom
  4189 | D:4      | Gained mutation: You are covered in thick fur (AC +2). [Felid growth]
  4189 | D:4      | Reached XP level 6. HP: 18/26 MP: 10/10
  4305 | D:4      | Found a bloodstained altar of Trog.
  5634 | D:4      | Reached XP level 7. HP: 25/30 MP: 6/11
  5827 | D:4      | Noticed Robin
  5847 | D:4      | Killed Robin
  6376 | D:5      | Entered Level 5 of the Dungeon
  6398 | D:5      | Reached skill level 5 in Unarmed Combat
  6581 | D:5      | Found a sacrificial altar of Ru.
  6866 | D:5      | Found a radiant altar of Vehumet.
  6997 | D:5      | Found a white marble altar of Elyvilon.
  7004 | D:5      | Found a snail-covered altar of Cheibriados.
  7009 | D:5      | Found a basalt altar of Yredelemnul.
  7020 | D:5      | Found a glowing silver altar of Zin.
  7027 | D:5      | Found a blossoming altar of Fedhas.
  7032 | D:5      | Found a sparkling altar of Nemelex Xobeh.
  7039 | D:5      | Found a stormy altar of Qazlal.
  7133 | D:5      | Found a burning altar of Makhleb.
  7134 | D:5      | Found a shimmering altar of Xom.
  7162 | D:5      | Learned a level 5 spell: Blade Hands
  7326 | D:5      | Found Piteu's Quality Used Wands.
  7451 | D:5      | Found an ancient bone altar of Kikubaaqudgha.
  7717 | D:6      | Noticed HungrySpirit's ghost (novice OpTm)
  7773 | D:6      | Reached XP level 8. HP: 29/34 MP: 13/13
  8240 | D:6      | Noticed Sigmund
  8254 | D:6      | Killed Sigmund
  8263 | D:6      | Found a staircase to the Ecumenical Temple.
  8275 | Temple   | Entered the Ecumenical Temple
  8282 | Temple   | Became a worshipper of Sif Muna the Loreminder
  8385 | D:6      | Gained mutation: You are occasionally teleported next to monsters. [potion of mutation]
  8385 | D:6      | Gained mutation: Your mind is acute. (Int +2) [potion of mutation]
  8388 | D:6      | Gained mutation: Your magical capacity is low (-10% MP). [potion of mutation]
  8389 | D:6      | Lost mutation: Your magical capacity is low (-10% MP). [potion of cure mutation]
  8389 | D:6      | Lost mutation: Your mind is acute. (Int +2) [potion of cure mutation]
  8389 | D:6      | Lost mutation: You are occasionally teleported next to monsters. [potion of cure mutation]
  8830 | D:7      | Noticed Menkaure
  9022 | D:7      | Found Ypiptel's Book Shop.
  9030 | D:7      | Killed Menkaure
  9708 | D:7      | Reached XP level 9. HP: 39/39 MP: 11/16
 10222 | D:7      | HP: 2/46 [something (10)]
 12236 | D:7      | Gained mutation: You are surrounded by a mild repulsion field (EV +2). [potion of mutation]
 12764 | D:8      | Noticed Grum
 12779 | D:8      | Killed Grum
 13323 | D:8      | Reached skill level 5 in Fighting
 13547 | D:8      | Reached skill level 5 in Dodging
 13547 | D:8      | Reached XP level 10. HP: 44/44 MP: 6/18
 14181 | D:9      | Reached skill level 5 in Spellcasting
 14519 | D:9      | Found a shattered altar of Ashenzari.
 14936 | D:10     | Entered Level 10 of the Dungeon
 15047 | D:10     | Noticed Fannar
 15581 | D:9      | Killed Fannar
 16140 | D:10     | Noticed a hill giant
 16151 | D:10     | Killed a hill giant
 16155 | D:10     | Noticed a catoblepas
 16225 | D:10     | Reached * piety under Sif Muna
 16297 | D:10     | Reached skill level 1 in Ice Magic
 16483 | D:10     | Slain by a vampire
 16484 | D:10     | Reached XP level 9. HP: -1/49 MP: 15/18
 16595 | D:10     | Killed a catoblepas
 16595 | D:10     | Reached XP level 10. HP: 9/45 MP: 15/19
 17084 | D:11     | Noticed a death yak
 17142 | D:11     | Mangled by a death yak
 17143 | D:11     | Reached XP level 9. HP: -13/49 MP: 18/18
 17181 | D:11     | Noticed a white ugly thing
 17185 | D:11     | Incinerated by a mottled dragon

Skill      XL: |  1  2  3  4  5  6  7  8  9 10 |
---------------+-------------------------------+-----
Dodging        | 3 5 6 |  6.8
Stealth        | 1 2 3 |  3.0
Unarmed Combat | 4 5 6 8 9 |  9.8
Transmutations | 12 | 12.3
Fighting       | 2 3 4 5 6 |  6.2
Spellcasting   | 3 4 5 |  5.9
Ice Magic      | 1 |  1.7

Action                   |  1- 3 |  4- 6 |  7- 9 | 10-12 || total
-------------------------+-------+-------+-------+-------++-------
Melee: Unarmed           |    91 |   159 |   447 |   236 ||   933
       Headbutt          |     8 |    11 |     1 |       ||    20
       Bite              |     7 |    14 |    21 |     7 ||    49
       Punch             |       |     1 |     7 |     2 ||    10
 Cast: Beastly Appendage |    10 |    10 |     7 |       ||    27
       Sticks to Snakes  |     2 |     3 |     5 |     1 ||    11
       Ice Form          |       |     2 |    28 |    17 ||    47
       Blade Hands       |       |       |     4 |       ||     4
  Use: Scroll            |     1 |     7 |     4 |       ||    12
       Potion            |       |     4 |     7 |     1 ||    12
 Stab: Sleeping          |     3 |     6 |    16 |     5 ||    30
       Distracted        |       |     1 |     1 |       ||     2
  Eat: Chunk             |    11 |     6 |    37 |    28 ||    82
Armor: Skin              |     2 |     5 |    67 |    36 ||   110
Dodge: Dodged            |    57 |   119 |   288 |   139 ||   603
